 Dungeon Crawl Stone Soup version 0.18.1-6-gd335043 (webtiles) character file.

1351 lightmor the Cleaver (level 8, 0/64 HPs)
             Began as a Hill Orc Fighter on May 18, 2016.
             Was a Follower of Pakellas.
             Slain by a decayed bog body (19 damage)
             ... in an ossuary.
             The game lasted 00:11:21 (4407 turns).

lightmor the Cleaver (Hill Orc Fighter)             Turns: 4407, Time: 00:11:22

Health: 0/64       AC: 11    Str: 21    XL:     8   Next: 63%
Magic:  10/10      EV:  8    Int:  8    God:    Pakellas [*.....]
Gold:   154        SH: 12    Dex: 10    Spells: 0 memorised, 7 levels left

rFire  . . .     SeeInvis +     a - +0 war axe
rCold  . . .     Gourm    .     b - +0 scale mail
rNeg   . . .     Faith    .     c - +1 shield
rPois  .         Spirit   .     (no helmet)
rElec  .         Dismiss  .     (no cloak)
rCorr  .         Reflect  .     (no gloves)
SustAt .         Harm     .     m - +0 pair of boots
MR     .....                    s - amulet of rage
Stlth  ..........               F - +3 ring of protection
                                y - ring of see invisible

@: not resistant to hostile enchantments, extremely unstealthy
A: no striking features
a: Quick Charge, Renounce Religion, Evoke Berserk Rage


You were in an ossuary.
You worshipped Pakellas.
Pakellas was aware of your devotion.
You were very hungry.

You visited 2 branches of the dungeon, and saw 6 of its levels.
You also visited: Ossuary.

You collected 154 gold pieces.

Inventory:

Hand Weapons
 a - a +0 war axe (weapon)
Missiles
 l - 53 poisoned needles
Armour
 b - a +0 scale mail (worn)
 c - a +1 shield (worn)
 m - a +0 pair of boots (worn)
Jewellery
 q - an uncursed ring of flight
 s - an amulet of rage (around neck)
 y - a ring of see invisible (left hand)
 B - an uncursed ring of ice
 F - a +3 ring of protection (right hand)
Wands
 j - a wand of confusion (23/48)
Scrolls
 h - a scroll of teleportation
 k - a scroll of fear
 n - a scroll of blinking
 p - 3 scrolls of remove curse
 u - a scroll of summoning {unknown}
 v - a scroll of enchant armour
 C - a scroll of magic mapping {unknown}
Potions
 d - 2 potions of might
 e - 4 potions of haste
 i - 8 potions of curing
 o - 3 potions of magic
 r - 2 potions of flight
 t - a potion of heal wounds
 x - 2 potions of brilliance
 z - a potion of degeneration
 D - a potion of cancellation
 E - a potion of resistance {unknown}
 G - 2 potions of ambrosia {unknown}
 H - a potion of agility
Comestibles
 f - 4 bread rations
 g - 2 meat rations
 w - a slice of pizza
 A - a royal jelly


   Skills:
 - Level 3.6 Fighting
 * Level 9.1 Axes
 - Level 3.2 Armour
 - Level 0.2 Dodging
 * Level 8.1 Shields
 + Level 3.6 Evocations


You had 7 spell levels left.
You didn't know any spells.

Dungeon Overview and Level Annotations

Branches:
Dungeon (5/15)             Temple (1/1) D:4

Altars:
Cheibriados
Elyvilon
Fedhas
Gozag
Nemelex Xobeh
Okawaru
Pakellas
Ru
Trog
Vehumet
Xom
Yredelemnul
The Shining One


Message History

Zapping:
j - a wand of confusion (24/48)
Press: ? - help, Shift-Dir - straight line, f/p - decayed bog body
Aim: a decayed bog body (lightly damaged, chance to defeat MR: 36%)
The decayed bog body appears confused.
This wand has 23 charges left.
You are too injured to fight recklessly!
You are too injured to fight recklessly!
You are too injured to fight recklessly!
You are too injured to fight recklessly!
You are too injured to fight recklessly!
You are too injured to fight recklessly!
You are too injured to fight recklessly!
You are too injured to fight recklessly!
You are too injured to fight recklessly!
You are too injured to fight recklessly!
You catch the helpless decayed bog body completely off-guard!
You hit the decayed bog body.
The decayed bog body is lightly damaged.
The decayed bog body hits you!!
You die...
Pakellas says: Good help is so hard to find these days!

## ≈ ## ≈ ≈≈ ##≈ ≈# #
≈≈###≈# # ##
#≈######≈#n≈##≈### ≈#
#≈#≈P#P#.#@≈P≈.≈P#≈≈
#≈≈.≈.#'#.≈.#≈#≈#≈
#P.≈≈.≈≈≈≈≈..≈..'
##≈≈≈#####≈#####≈###
#≈.≈≈#...#≈#...#≈..##
#≈##≈'...#≈#.∩.÷≈≈≈≈#
##P≈≈#...#.#∩..#≈..##
###.#####≈#####.###
#.'.'.# ≈.≈ #.'.'.#


You could see a decayed bog body (confused).

Vanquished Creatures
  The ghost of deorigin the Basher, an amateur OgBe of Trog (D:4)
  Eustachio (D:3)
  2 ogres
  An elf skeleton (D:5)
  2 bog bodies (Ossuary)
  2 centaur zombies (Ossuary)
  2 giant frog zombies (Ossuary)
  A human zombie (D:5)
  A giant frog skeleton (D:4)
  2 orc wizards
  Natasha (twice) (D:2)
  2 worker ants
  A killer bee zombie (Ossuary)
  2 hound zombies (Ossuary)
  A howler monkey zombie (Ossuary)
  4 mummies (Ossuary)
  4 worker ant zombies (Ossuary)
  6 adders
  2 oozes
  An adder skeleton (D:4)
  2 worms (D:2)
  3 dart slugs
  5 giant geckos
  10 orcs
  13 bats
  2 giant cockroaches
  4 goblins
  8 hobgoblins
  10 jackals
  11 kobolds
  A quokka (D:4)
  4 giant gecko zombies (Ossuary)
  3 giant newts
  An orc skeleton (D:5)
  7 rats
124 creatures vanquished.

Vanquished Creatures (others)
  3 withered plants (Ossuary)
3 creatures vanquished.

Grand Total: 127 creatures vanquished

Notes
Turn   | Place    | Note
--------------------------------------------------------------
     0 | D:1      | lightmor the Hill Orc Fighter began the quest for the Orb.
     0 | D:1      | Reached XP level 1. HP: 19/19 MP: 1/1
   164 | D:1      | Reached XP level 2. HP: 26/26 MP: 2/2
   399 | D:1      | Reached skill level 3 in Axes
   399 | D:1      | Reached XP level 3. HP: 26/31 MP: 3/3
   777 | D:2      | Noticed Natasha
   787 | D:2      | Killed Natasha
   787 | D:2      | Reached skill level 4 in Axes
   787 | D:2      | Reached XP level 4. HP: 17/39 MP: 4/4
  1203 | D:2      | Reached XP level 5. HP: 44/45 MP: 5/5
  1232 | D:2      | Reached skill level 5 in Shields
  1372 | D:2      | Noticed Natasha
  1384 | D:2      | Killed Natasha
  1384 | D:2      | Reached skill level 5 in Axes
  2382 | D:4      | Noticed Eustachio
  2386 | D:4      | Noticed deorigin's ghost (amateur OgBe)
  2395 | D:3      | Reached XP level 6. HP: 32/51 MP: 6/6
  2405 | D:3      | Killed Eustachio
  2405 | D:3      | Reached skill level 6 in Axes
  2405 | D:3      | Reached skill level 1 in Evocations
  2775 | D:4      | Reached XP level 7. HP: 57/57 MP: 8/8
  2873 | D:4      | Found a staircase to the Ecumenical Temple.
  2883 | Temple   | Entered the Ecumenical Temple
  3006 | Temple   | Became a worshipper of Pakellas the Inventive
  3531 | D:4      | Killed deorigin's ghost
  3531 | D:4      | Reached skill level 7 in Axes
  3685 | D:5      | Entered Level 5 of the Dungeon
  3762 | D:5      | Reached skill level 8 in Axes
  3762 | D:5      | Reached XP level 8. HP: 50/64 MP: 8/10
  3844 | D:5      | Found a sand-covered staircase.
  3855 | Ossuary  | Entered an ossuary
  3924 | Ossuary  | Reached * piety under Pakellas
  3924 | Ossuary  | Received a gift from Pakellas
  4264 | Ossuary  | Reached skill level 9 in Axes
  4407 | Ossuary  | Slain by a decayed bog body

Skill      XL: |  1  2  3  4  5  6  7  8 |
---------------+-------------------------+-----
Shields        | 4 5 6 7 8 |  8.1
Axes           | 3 4 5 6 8 9 |  9.1
Evocations     | 1 2 3 |  3.6
Fighting       | |  3.6
Armour         | |  3.2
Dodging        | |  0.2

Action                   |  1- 3 |  4- 6 |  7- 9 || total
-------------------------+-------+-------+-------++-------
Melee: War axe           |    88 |   163 |   238 ||   489
 Abil: Evoke Berserk Rag |       |     1 |     2 ||     3
Evoke: Wand              |       |       |     3 ||     3
  Use: Scroll            |       |     6 |    11 ||    17
       Potion            |       |       |     1 ||     1
 Stab: Confused          |       |       |     1 ||     1
  Eat: Chunk             |       |     7 |     6 ||    13
Armor: Scale mail        |    63 |    99 |    76 ||   238
Dodge: Dodged            |    44 |    49 |    65 ||   158
Block: Shield            |    57 |    95 |   139 ||   291
